 Dungeon Sprint DCSS version 0.30-a0-778-g2ef04afb54 (webtiles) character file.

Game seed: 5139805816809758599

312 BigDaddyOpFi the Fighter (level 8, -6/71 HPs)
             Began as a Demonspawn Fighter on Feb 16, 2023.
             Was an Initiate of Ru.
             Killed from afar by an eleionoma (18 damage)
             ... with a spray of wooden splinters
             ... in the Dungeon (Sprint VI: "Thunderdome").
             The game lasted 00:03:54 (682 turns).

BigDaddyOpFi the Fighter (Demonspawn Fighter)        Turns: 682, Time: 00:03:55

Health: -6/71      AC: 11    Str: 21    XL:     8   Next: 64%
Magic:  17/17      EV:  9    Int:  9    God:    Ru [......]
Gold:   250        SH:  7    Dex: 22    Spells: 7/7 levels left

rFire   + . .      SeeInvis .    e - +0 broad axe (chaos)
rCold   x . .      Faith    .    c - +0 buckler
rNeg    + . .      Spirit   .    b - +0 scale mail
rPois   .          Reflect  .    (helmet restricted)
rElec   +          Harm     .    (no cloak)
rCorr   +          Rampage  .    (no gloves)
Will    +....      NoTele   +    (no boots) Stlth
                                 p - amulet of Iviq {Acrobat rC- rCorr MP+9 Str+3}
HPRegen 0.31/turn                o - ring of Greater Demons {Drain rElec Will+ Dex+6 Stlth+}
MPRegen 0.15/turn                q - ring "Wompolo" {rF+ rN+ Dex+2}

@: hasted, very quick
A: horns 1, molten scales 2, demonic guardian 3, no stealth
a: Renounce Religion


You were in the Dungeon.
You worshipped Ru.
Ru was noncommittal.
You visited 1 branch You collected 600 gold pieces.
You spent 350 gold pieces at shops.

Inventory:

Hand Weapons
 e - a +0 broad axe of chaos (weapon)
Armour
 b - a +0 scale mail (worn)
 c - a +0 buckler (worn)
Jewellery
 o - the ring of Greater Demons (left hand) {Drain rElec Will+ Dex+6 Stlth+}
   (You bought it in a shop in the Dungeon)

   [ring of willpower]

   Dex:       It affects your dexterity (+6).
   rElec:     It insulates you from electricity.
   Drain:     It drains your maximum health when unequipped.
   Will:      It increases your willpower.
   Stlth:     It makes you more stealthy.
 p - the amulet of Iviq (around neck) {Acrobat rC- rCorr MP+9 Str+3}
   (You bought it in a shop in the Dungeon)

   [amulet of the acrobat]

   It increases your evasion while moving and waiting.
   Str:       It affects your strength (+3).
   rC:        It makes you vulnerable to cold.
   MP:        It affects your magic capacity (+9).
   rCorr:     It protects you from acid and corrosion.
 q - the ring "Wompolo" (right hand) {rF+ rN+ Dex+2}
   (You bought it in a shop in the Dungeon)

   [ring of protection from fire]

   Dex:       It affects your dexterity (+2).
   rF:        It protects you from fire.
   rN:        It protects you from negative energy.
Scrolls
 j - 4 scrolls of blinking
 n - 3 scrolls of fog
Potions
 d - a potion of might
 f - 4 potions of heal wounds
 g - 3 potions of haste
 h - 2 potions of magic
 i - a potion of berserk rage
 k - 3 potions of resistance


   Skills:
 + Level 9.5 Fighting
 + Level 8.4 Axes
 + Level 8.7 Armour
 + Level 8.8 Shields
 - Level 7.8 Evocations


You had 7 spell levels left.
You didn't know any spells.
Your spell library was empty.

Dungeon Overview and Level Annotations

Branches:
Dungeon (1/1)

Altars:
Cheibriados
Dithmenos
Fedhas
Gozag
Kikubaaqudgha
Makhleb
Okawaru
Qazlal
Ru
Sif Muna
Trog
Uskayaw
Vehumet
Wu Jian
Xom
Yredelemnul
Lugonu

Shops:
D *[??*?*:[((!!!!


Innate Abilities, Weirdness & Mutations

You have a pair of small horns on your head.
You are mostly covered in molten scales. (AC +3)
A powerful demonic guardian rushes to your aid.
You cannot be stealthy.


Message History

The bolt of acid hits the eleionoma!
The acid corrodes the eleionoma!
The eleionoma is lightly wounded.
Aiming: Corrosive Bolt
Press: ? - help, Q - select action Shift-Dir - straight line, f/p - eleionoma
Aim: an eleionoma (lightly wounded, covered in acid, 74% to hit)
The bolt of acid misses the eleionoma.
Aiming: Corrosive Bolt
Press: ? - help, Q - select action Shift-Dir - straight line, f/p - eleionoma
Aim: an eleionoma (lightly wounded, covered in acid, 74% to hit)
The bolt of acid hits the eleionoma!!
The eleionoma seems to be corroded for longer.
The eleionoma is heavily wounded.
The now-empty wand crumbles to dust.
You slice the eleionoma!! You freeze the eleionoma.
You headbutt the eleionoma, but do no damage.
The eleionoma is severely wounded.
The eleionoma hurls a spray of splinters at you.
The spray of wooden splinters hits you!
You slash the eleionoma!
The eleionoma seems to grow stronger.
You headbutt the eleionoma.
The eleionoma is almost dead.
You miss something.
The eleionoma hurls a spray of splinters at you.
The spray of wooden splinters hits you!!!
Ouch! That really hurt!
* * * LOW HITPOINT WARNING * * *
A demonic guardian appears!
You hear some strange, mumbled words.
A stinking cloud appears from out of thin air!
The ball explodes into a vile cloud!
The stinking cloud engulfs you but does no damage.
The stinking cloud engulfs something but does no damage.
The stinking cloud engulfs the eleionoma but does no damage.
You hit the eleionoma. You burn the eleionoma.
The eleionoma is almost dead.
You miss something.
You are engulfed in noxious fumes.
The five-headed hydra disappears in a puff of smoke!
The eleionoma hurls a spray of splinters at you.
The spray of wooden splinters hits you!!
You die...

[............###...D)........##
..........###...###..........⌠#
..........# #.<.# #.[........⌠#
..........###...###.†........§#
.............###.............#
##∩........8.# #.8§.......∩###
##∩___......###3....._._∩##
######.8)....☼{R.8.######
#⌠......○@...⌠# ###.....○.☼.###
#_......._# #_......._#
#_......._# #∩.......∩#
##∩.....∩## ##.....## ##⌠⌠⌠##


You could see an eleionoma (strong, corroded, ally target) and a friendly sun
demon (summoned).

Vanquished Creatures
  A hydra (D)
  A water moccasin (D)
  A centaur (D)
  2 necrophages (D)
  4 scorpions (D)
  A killer bee (D)
  A hound (D)
  An orc wizard (D)
  Terence (D)
  2 adders (D)
  An adder zombie (D)
  A goblin (D)
  2 hobgoblins (D)
  A ball python (D)
  A ball python zombie (D)
21 creatures vanquished.

Vanquished Creatures (collateral kills)
  A water moccasin (D)
  An acid dragon (D)
  A phantom (D)
  A wight (D)
4 creatures vanquished.

Grand Total: 25 creatures vanquished

Notes
Turn   | Place    | Note
-------+----------+-------------------------------------------
     0 | D        | BigDaddyOpFi the Demonspawn Fighter began the quest for the
                  | Orb.
     0 | D        | Reached XP level 1. HP: 18/18 MP: 1/1
     3 | D        | Found an opulent altar of Gozag.
     3 | D        | Found a snail-covered altar of Cheibriados.
     4 | D        | Found a basalt altar of Yredelemnul.
     5 | D        | Found a burning altar of Makhleb.
     5 | D        | Found a shadowy altar of Dithmenos.
     5 | D        | Round 1.
     6 | D        | Found a radiant altar of Vehumet.
     6 | D        | Found a shimmering altar of Xom.
     6 | D        | Found Emoisik's Identification Station.
     7 | D        | Found Sydaur's Jewellery.
     7 | D        | Found Ompuloen's Advanced Armour.
    24 | D        | Bought a bound jade ring for 45 gold pieces
    24 | D        | Identified the ring of Greater Demons {Drain rElec Will+
                  | Dex+6 Stlth+} (You bought it in a shop in the Dungeon)
    24 | D        | Bought a bound brass amulet for 45 gold pieces
    24 | D        | Identified the amulet of Iviq {Acrobat rC- rCorr MP+9
                  | Str+3} (You bought it in a shop in the Dungeon)
    24 | D        | Bought a brightly glowing tin ring for 45 gold pieces
    24 | D        | Identified the ring "Wompolo" {rF+ rN+ Dex+2} (You bought
                  | it in a shop in the Dungeon)
    52 | D        | Found Tihae's Magic Scroll Shop.
    52 | D        | Found Zaygufis's Magic Scroll Shop.
    53 | D        | Found Mepyum's Must-Have Magic.
    54 | D        | Found an iron altar of Okawaru.
    54 | D        | Found a corrupted altar of Lugonu.
    54 | D        | Found a stormy altar of Qazlal.
    54 | D        | Found Woedola's Staff Store.
    58 | D        | Found an ornate altar of the Wu Jian Council.
    61 | D        | Found Rifu's Distillery.
    62 | D        | Found Nutef's Distillery.
    62 | D        | Found Siskosow's Bottled Wisdom.
    63 | D        | Found Veujeqol's Do-It-Yourself Clinic.
    63 | D        | Noticed Terence
    77 | D        | Killed Terence
    77 | D        | Arena points: 12 (+12) [x2]
    78 | D        | Gained mutation: A weak demonic guardian rushes to your
                  | aid. [demonic ancestry]
    78 | D        | Reached XP level 2. HP: 13/25 MP: 2/2
    82 | D        | Found a shimmering blue altar of Sif Muna.
    83 | D        | Found a sacrificial altar of Ru.
    84 | D        | Found an ancient bone altar of Kikubaaqudgha.
    85 | D        | Found a blossoming altar of Fedhas.
    85 | D        | Found a bloodstained altar of Trog.
    85 | D        | Found a hide-covered altar of Uskayaw.
    85 | D        | Found Foidote's Weapon Rack.
    85 | D        | Found Keetohom's Premium Goods.
    86 | D        | Found Dietu's Basic Armour.
    86 | D        | Found Gorouhac's Miscellaneous Merchandise.
   121 | D        | Round 2.
   122 | D        | Noticed a scorpion
   133 | D        | Killed a scorpion
   134 | D        | Reached skill level 4 in Fighting
   134 | D        | Gained mutation: A demonic guardian rushes to your aid.
                  | [demonic ancestry]
   134 | D        | Reached XP level 3. HP: 22/31 MP: 3/3
   134 | D        | Gained mutation: You are partially covered in molten
                  | scales. (AC +2) [demonic ancestry]
   134 | D        | Reached XP level 4. HP: 27/38 MP: 4/4
   151 | D        | Became a worshipper of Ru the Awakened
   158 | D        | Noticed a scorpion
   167 | D        | Noticed a scorpion
   169 | D        | Killed a scorpion
   170 | D        | Reached skill level 5 in Fighting
   170 | D        | Reached skill level 5 in Evocations
   170 | D        | Reached XP level 5. HP: 43/44 MP: 5/5
   179 | D        | Reached skill level 5 in Armour
   179 | D        | Reached skill level 5 in Shields
   211 | D        | Noticed a water moccasin
   217 | D        | Killed a water moccasin
   217 | D        | Arena points: 48 (+36) [x3]
   218 | D        | Reached skill level 6 in Fighting
   218 | D        | Reached skill level 5 in Axes
   218 | D        | Gained mutation: You are mostly covered in molten scales.
                  | (AC +3) [demonic ancestry]
   218 | D        | Reached XP level 6. HP: 28/53 MP: 6/6
   276 | D        | Round 3.
   344 | D        | Reached skill level 7 in Fighting
   372 | D        | Gained mutation: A powerful demonic guardian rushes to your
                  | aid. [demonic ancestry]
   372 | D        | Reached XP level 7. HP: 53/60 MP: 7/7
   381 | D        | Arena points: 132 (+84) [x4]
   402 | D        | Bought a +0 broad axe for 120 gold pieces
   423 | D        | Round 4.
   429 | D        | Bought a scroll of brand weapon for 95 gold pieces
   449 | D        | Reached skill level 8 in Fighting
   515 | D        | Gained mutation: You cannot be stealthy. [Ru sacrifice]
   543 | D        | Gained mutation: You have a pair of small horns on your
                  | head. [demonic ancestry]
   543 | D        | Reached XP level 8. HP: 43/69 MP: 8/8
   555 | D        | Arena points: 312 (+180) [x5]
   602 | D        | Round 5.
   638 | D        | Noticed a witch
   639 | D        | Noticed a five-headed hydra
   662 | D        | Killed a five-headed hydra
   662 | D        | Noticed an eleionoma
   663 | D        | Reached skill level 9 in Fighting
   663 | D        | Noticed a four-headed hydra
   666 | D        | Noticed a five-headed hydra
   682 | D        | Killed from afar by an eleionoma

Illustrated notes

Levels and vault maps discovered:
D:        arena_sprint

Skill      XL: |  1  2  3  4  5  6  7  8 |
---------------+-------------------------+-----
Axes           | 2 3 4 5 6 7 8 |  8.4
Armour         | 3 4 5 6 7 8 |  8.7
Shields        | 3 4 5 6 7 8 |  8.8
Evocations     | 2 4 5 7 |  7.8
Fighting       | 4 5 6 7 8 9 |  9.5

Action                     |  1- 3 |  4- 6 |  7- 9 || total
---------------------------+-------+-------+-------++-------
  Melee: War axe           |    27 |    49 |     7 ||    83
         Broad axe         |       |       |    29 ||    29
         Headbutt          |       |       |     2 ||     2
 Invoke: Sacrifice Stealth |       |       |     1 ||     1
  Evoke: Wand              |       |       |    10 ||    10
    Use: Potion            |     1 |       |     1 ||     2
         Scroll            |       |       |     1 ||     1
 Armour: Scale mail        |    15 |    23 |     9 ||    47
  Dodge: Dodged            |    12 |    25 |    21 ||    58
  Block: Buckler           |     9 |    17 |    13 ||    39

Table legend: (Time is in decaauts)
 A = Elapsed time spent in this place.
 B = Non-inter-level travel time spent in this place.
 C = Inter-level travel time spent in this place.
 D = Time resting spent in this place.
 E = Time spent auto-exploring this place.
 F = Levels seen in this place.
 G = Mean time per level.
                   A        B        C        D        E       F      G
               +--------+--------+--------+--------+--------+-----+--------+
         Total |    705 |    705 |      0 |    100 |      0 |   1 |  705.0 |
       Dungeon |    705 |    705 |      0 |    100 |      0 |   1 |  705.0 |
               +--------+--------+--------+--------+--------+-----+--------+

Top non-repeatable levels by time:
       D: 705 daAuts
